 Dungeon Crawl Stone Soup version 0.29-a0-297-g7659ce593d (webtiles) character file.

Game seed: 5847624444042172577

632 Astera the Chiller (level 7, -1/50 HPs)
             Began as a Ghoul Ice Elementalist on Mar 20, 2022.
             Was a Priest of Qazlal.
             Slain by an iguana (9 damage)
             ... on level 6 of the Dungeon.
             The game lasted 00:19:38 (3889 turns).

Astera the Chiller (Ghoul Ice Elementalist)         Turns: 3889, Time: 00:19:39

Health: -1/50      AC:  6    Str: 12    XL:     7   Next: 49%
Magic:  12/12      EV: 12    Int: 10    God:    Qazlal [***...]
Gold:   264        SH:  3    Dex: 11    Spells: 7/14 levels left

rFire   . . .      SeeInvis .   g - +1 dagger (venom)
rCold   + . .      Faith    .   (no shield)
rNeg    + + +      Spirit   .   d - +0 leather armour
rPois   ∞          Reflect  .   h - +1 hat
rElec   .          Harm     .   i - +1 cloak
rCorr   .          Rampage  .   (no gloves)
Will    .....                   (no boots)
Stlth   +.........              (no amulet)
HPRegen 0.00/turn               q - ring of wizardry
MPRegen 0.13/turn               j - ring of wizardry

@: inhibited regen
A: claws 1, cold resistance 1, negative energy resistance 3, inhibited
regeneration, torment resistance 2, devour on kill
a: Renounce Religion, Upheaval, Elemental Force


You were on level 6 of the Dungeon.
You worshipped Qazlal.
Qazlal was most pleased with you.
You visited 1 branch of the dungeon, and saw 6 of its levels.

You collected 264 gold pieces.

Inventory:

Hand Weapons
 g - a +1 dagger of venom (weapon)
Missiles
 a - 6 poisoned darts
Armour
 d - a +0 leather armour (worn)
 h - a +1 hat (worn)
 i - a +1 cloak (worn)
Magical Staves
 o - a staff of poison
Jewellery
 j - a ring of wizardry (right claw)
 k - a ring of protection from fire
 q - a ring of wizardry (left claw)
 s - a ring of see invisible
 w - a ring of wizardry
Scrolls
 c - a scroll of amnesia
 f - a scroll of immolation
 m - 2 scrolls of identify {unknown}
 p - a scroll of fog {unknown}
 r - a scroll of teleportation {unknown}
 t - a scroll of vulnerability {unknown}
Potions
 b - a potion of magic
 e - a potion of flight {unknown}
 l - a potion of haste {unknown}
 n - 2 potions of curing {unknown}
 u - a potion of degeneration {unknown}
 v - a potion of attraction {unknown}


   Skills:
 + Level 4.4 Dodging
 - Level 2.5 Stealth
 + Level 4.0 Spellcasting
 + Level 6.6 Ice Magic


You had 7 spell levels left.
You knew the following spells:

 Your Spells              Type           Power      Damage    Failure   Level
a - Freeze                Ice            60%        1d8       1%          1
b - Frozen Ramparts       Ice            30%        1d5       1%          3
c - Ozocubu's Armour      Ice            15%        N/A       1%          3

Your spell library contained the following spells:

 Spells                   Type           Power      Damage    Failure   Level
 Hailstorm                Conj/Ice       8%         3d4       21%         4


Dungeon Overview and Level Annotations

Branches:
Dungeon (6/15)
 Temple: D:4-7

Altars:
Qazlal
Xom


Innate Abilities, Weirdness & Mutations

You are immune to poison.
You have sharp fingernails.
Your flesh is cold resistant. (rC+)
You are immune to negative energy. (rN+++)
You do not regenerate when monsters are visible.
You are immune to unholy pain and torment.
You thrive by killing the living.


Message History

You freeze the adder!
You kill the adder!
Qazlal accepts your kill. The iguana bites you.
You hit the ogre.
The ogre is poisoned.
The ogre is lightly wounded.
The iguana closely misses you.
The ogre hits you with a +0 giant spiked club!
The iguana attacks as you move away! The iguana bites you.
The iguana attacks as you move away! The iguana bites you.
You see here a +0 short sword.
There is an open door here.
The iguana attacks as you move away! The iguana bites you!
* * * LOW HITPOINT WARNING * * *
The iguana attacks as you move away!
The iguana bites you but does no damage.
You see here a hound corpse.
There is a stone staircase leading down here.
The iguana misses you.
You climb downwards.
Found five items.
There is a stone staircase leading up here.
You hit the iguana but do no damage.
The iguana is poisoned.
You block the iguana's attack.
You hit the iguana.
The iguana looks as sick as possible!
The iguana is lightly wounded.
The iguana bites you.
* * * LOW HITPOINT WARNING * * *
You hit the iguana but do no damage.
The iguana looks as sick as possible!
The iguana is lightly wounded.
The iguana bites you but does no damage.
You hit the iguana.
The iguana looks as sick as possible!
The iguana is heavily wounded.
The iguana closely misses you.
You are too injured to fight recklessly!
You are too injured to fight recklessly!
You barely miss the iguana.
The iguana is almost dead.
The iguana bites you!
You die...

.##.. .... ...
## #.. ###. ..#
####... ..#
$.!...°#§##..#.
#l@.......
#.....#...
#.......?..
#..........
....(......
###.....###.
#.....# #######


You could see an iguana (extremely poisoned).

Vanquished Creatures
  Grinder (D:4)
  A water moccasin (D:3)
  A scorpion (D:4)
  2 hounds (D:5)
  2 iguanas (D:5)
  5 adders
  A river rat (D:3)
  A white imp (D:5)
  An ufetubus (D:4)
  A dart slug (D:2)
  2 worms (D:3)
  7 orcs
  5 endoplasms
  3 giant cockroaches
  5 goblins
  7 hobgoblins
  2 quokkas
  6 ball pythons
  8 bats
  6 frilled lizards
  8 kobolds
  12 rats
87 creatures vanquished.

Notes
Turn   | Place    | Note
-------+----------+-------------------------------------------
     0 | D:1      | Astera the Ghoul Ice Elementalist began the quest for the
                  | Orb.
     0 | D:1      | Reached XP level 1. HP: 14/14 MP: 2/2
   131 | D:1      | Reached XP level 2. HP: 12/20 MP: 0/3
   374 | D:1      | Found a faded altar of an unknown god.
   384 | D:1      | Prayed at the altar of an unknown god.
   384 | D:1      | Became a worshipper of Qazlal Stormbringer
   384 | D:1      | Reached * piety under Qazlal
   536 | D:1      | Reached XP level 3. HP: 26/26 MP: 2/5
  1096 | D:2      | You fall into a shaft and drop 2 floors!
  1102 | D:4      | Learned a level 3 spell: Frozen Ramparts
  1133 | D:4      | Noticed a scorpion
  1151 | D:2      | Reached ** piety under Qazlal
  1193 | D:2      | Found a shimmering altar of Xom.
  1225 | D:2      | Reached XP level 4. HP: 23/33 MP: 1/6
  1642 | D:3      | Noticed a water moccasin
  1646 | D:3      | Reached skill level 5 in Ice Magic
  1650 | D:3      | Killed a water moccasin
  1651 | D:3      | Reached XP level 5. HP: 33/38 MP: 3/8
  2715 | D:4      | Reached XP level 6. HP: 45/45 MP: 2/9
  2721 | D:4      | Learned a level 3 spell: Ozocubu's Armour
  2826 | D:5      | Entered Level 5 of the Dungeon
  2927 | D:4      | Noticed Grinder
  2928 | D:4      | Paralysed by Grinder for 4 turns
  2972 | D:4      | Paralysed by Grinder for 5 turns
  2988 | D:4      | Killed Grinder
  2989 | D:4      | Reached skill level 6 in Ice Magic
  2989 | D:4      | Reached XP level 7. HP: 23/50 MP: 2/11
  3800 | D:5      | Noticed a troll
  3835 | D:5      | Reached *** piety under Qazlal
  3889 | D:6      | Slain by an iguana

Illustrated notes

Levels and vault maps discovered:
D:1:      shiori_arrival_maze, layout_basic, dreamdust_ecumenical_altar_statues,
          minmay_tromino_i4
D:2:      layout_rooms, basic_altar
D:3:      layout_loops_cross, portal_sewer_entry_e
D:4:      layout_basic, uniq_grinder
D:5:      minmay_clustersquares, layout_rooms,
          chequers_temple_overflow_statue_of_worship, serial_co_window_serial,
          co_window_paths_a, co_window_corner_a, co_window_corner_a,
          co_window_paths_b, co_window_paths_b, co_window_of_opportunity_a,
          co_window_cross_1, co_window_unsneaky_path_b, co_window_2corner,
          co_window_corner_b, glass_columns_b, glass_columns_b, glass_columns_c,
          glass_columns_a, glass_columns_a, uniq_sigmund
D:6:      layout_rooms, minmay_temple_entry_mini_moons,
          minmay_misc_feat_more_columns

Skill      XL: |  1  2  3  4  5  6  7 |
---------------+----------------------+-----
Dodging        | 2 3 4 |  4.4
Spellcasting   | 2 3 4 |  4.0
Ice Magic      | 5 6 |  6.6
Stealth        | |  2.5

Action                   |  1- 3 |  4- 6 |  7- 9 || total
-------------------------+-------+-------+-------++-------
Melee: Unarmed           |     5 |       |       ||     5
       Dagger            |    30 |    81 |    35 ||   146
       Punch             |       |     3 |     2 ||     5
 Cast: Freeze            |    37 |    30 |    24 ||    91
       Frozen Ramparts   |       |     6 |       ||     6
       Ozocubu's Armour  |       |     2 |       ||     2
  Use: Scroll            |     4 |       |       ||     4
Armor: Robe              |    14 |     1 |       ||    15
       Leather armour    |       |    24 |    18 ||    42
Dodge: Dodged            |    44 |    43 |    30 ||   117
Block: Other             |     1 |    12 |     9 ||    22

Table legend: (Time is in decaauts)
 A = Elapsed time spent in this place.
 B = Non-inter-level travel time spent in this place.
 C = Inter-level travel time spent in this place.
 D = Time resting spent in this place.
 E = Time spent auto-exploring this place.
 F = Levels seen in this place.
 G = Mean time per level.
                   A        B        C        D        E       F      G
               +--------+--------+--------+--------+--------+-----+--------+
         Total |   3895 |   3685 |    210 |    614 |   1349 |   6 |  649.2 |
       Dungeon |   3895 |   3685 |    210 |    614 |   1349 |   6 |  649.2 |
               +--------+--------+--------+--------+--------+-----+--------+

Top non-repeatable levels by time:
     D:1: 1027 daAuts
     D:3: 992 daAuts
     D:4: 906 daAuts
     D:2: 551 daAuts
     D:5: 414 daAuts
     D:6: 4 daAuts
